 Dungeon Crawl Stone Soup version 0.25-a0-403-g49d089a364 (webtiles) character file.

Game seed: 16139855621351380839, levelgen mode: deterministic

87 night the Stinger (level 4, -5/33 HPs)
             Began as a Draconian Venom Mage on Jan 9, 2020.
             Slain by a gnoll
             ... wielding a +0 club
              (6 damage)
             ... on level 2 of the Dungeon.
             The game lasted 00:04:00 (1879 turns).

night the Stinger (Draconian Venom Mage)            Turns: 1879, Time: 00:04:01

Health: -5/33      AC:  5    Str: 11    XL:     4   Next: 28%
Magic:  0/8        EV: 12    Int: 16    God:
Gold:   108        SH:  0    Dex: 11    Spells: 2/9 levels left

rFire    . . .     SeeInvis .   c - +0 short sword
rCold    . . .     Gourm    .   (no shield)
rNeg     . . .     Faith    .   (armour unavailable)
rPois    .         Spirit   .   (helmet restricted)
rElec    .         Reflect  .   (no cloak)
rCorr    .         Harm     .   (no gloves)
MR       .....                  (no boots)
Stlth    ++........             (no amulet)
HPRegen  0.11/turn              (no ring)
MPRegen  0.11/turn              (no ring)

@: very slightly contaminated
A: unfitting armour, cold-blooded, AC +5
a: no special abilities


You were on level 2 of the Dungeon.
You were hungry.

You visited 1 branch of the dungeon, and saw 3 of its levels.

You collected 108 gold pieces.

Inventory:

Hand Weapons
 c - a +0 short sword (weapon)
Missiles
 d - 2 curare-tipped darts (quivered)
 h - 7 poisoned darts
Jewellery
 f - an uncursed ring of ice
Scrolls
 e - a scroll of magic mapping {unknown}
 g - a scroll of remove curse {unknown}
 k - 4 scrolls of identify {unknown}
Potions
 a - a potion of agility {unknown}
 i - a potion of lignification {unknown}
 l - a potion of might {unknown}
 m - a potion of magic {unknown}
Comestibles
 b - 3 rations
 j - 3 chunks of flesh


   Skills:
 - Level 1.7 Dodging
 - Level 1.7 Stealth
 + Level 3.1 Spellcasting
 - Level 2.0 Transmutations
 + Level 4.0 Poison Magic


You had 2 spell levels left.
You knew the following spells:

 Your Spells              Type           Power        Failure   Level  Hunger
a - Sting                 Tmut/Pois      ##..         5%          1    #......
b - Mephitic Cloud        Conj/Pois/Air  #.......     32%         3    ###....
c - Ignite Poison         Fire/Tmut/Pois #.......     24%         3    ###....

Your spell library contained the following spells:

 Spells                   Type           Power        Failure   Level  Hunger
 Poisonous Vapours        Pois/Air       #.....       12%         2    ##.....
 Olgreb's Toxic Radiance  Pois           ###.....     34%         4    #####..


Dungeon Overview and Level Annotations

Branches:
Dungeon (3/15)

Altars:


Innate Abilities, Weirdness & Mutations

Your plain brown scales are hard. (AC +5)
You cannot fit into any form of body armour.
You are cold-blooded and may be slowed by cold attacks.


Message History

* * * LOW HITPOINT WARNING * * *
You barely miss the gnoll.
The gnoll is severely wounded.
The gnoll misses you. The gnoll hits you with a +0 club.
* * * LOW HITPOINT WARNING * * *
Casting: Sting (safe; 5% risk of failure)
Confirm with . or Enter, or press ? or * to list all spells.
Aiming: Sting (safe; 5% risk of failure)
Press: ? - help, Shift-Dir - straight line, f/p - gnoll
Aim: a gnoll, wielding a +0 club (severely wounded)
The sting hits the gnoll but does no damage.
The gnoll is poisoned.
The gnoll is severely wounded.
The gnoll hits you with a +0 club.
* * * LOW HITPOINT WARNING * * *
The gnoll barely misses you.
You barely miss the gnoll.
The gnoll is severely wounded.
The gnoll closely misses you. The gnoll hits you with a +0 club.
You die...

# # # # ##############
##...........########
##.######..#.....รท..#
#.# #....######.#### #.#
##.#.## #@g.....# ##.##
#....# #g##.##.#
#.#.#####.### ##.##.##.#
.###..# ### #.....##.#
## ##.#########..#####.#
.###..##.....##..#####.#
#.#..###.....##........#
..)..........##.########
..#...#......##.#


You could see 2 gnolls.

Vanquished Creatures
  Terence (D:2)
  2 adders (D:2)
  An ooze (D:1)
  3 dart slugs (D:1)
  3 hobgoblins
  5 jackals
  5 bats
  5 frilled lizards
  3 goblins
  3 kobolds (D:1)
  7 rats
38 creatures vanquished.

Notes
Turn   | Place    | Note
-------+----------+-------------------------------------------
     0 | D:1      | night the Draconian Venom Mage began the quest for the Orb.
     0 | D:1      | Reached XP level 1. HP: 14/14 MP: 3/3
   381 | D:1      | Reached XP level 2. HP: 20/20 MP: 1/5
  1037 | D:2      | Reached XP level 3. HP: 26/26 MP: 4/6
  1262 | D:2      | Noticed Terence
  1277 | D:2      | Killed Terence
  1277 | D:2      | Reached XP level 4. HP: 33/33 MP: 1/8
  1342 | D:2      | Learned a level 3 spell: Mephitic Cloud
  1346 | D:2      | Learned a level 3 spell: Ignite Poison
  1843 | D:3      | Reached skill level 4 in Poison Magic
  1878 | D:2      | HP: 1/33 [gnoll/+0 club (4)]
  1879 | D:2      | Slain by a gnoll

Levels and vault maps discovered:
D:1:      psy_arrival_heroes, layout_loops_ring
D:2:      layout_loops_cross, uniq_terence
D:3:      layout_rooms, grunt_temple_overflow_lords_of_destruction,
          gammafunk_temple_overflow_elements

Skill      XL: |  1  2  3  4 |
---------------+-------------+-----
Transmutations | 2 |  2.0
Spellcasting   | 3 |  3.1
Poison Magic   | 4 |  4.0
Dodging        | |  1.7
Stealth        | |  1.7

Action                   |  1- 3 |  4- 6 || total
-------------------------+-------+-------++-------
Melee: Short sword       |    23 |    15 ||    38
       Tailslap          |     1 |     3 ||     4
 Cast: Sting             |    41 |    20 ||    61
  Eat: Chunk             |     1 |     2 ||     3
Armor: Skin              |    19 |    11 ||    30
Dodge: Dodged            |    18 |    22 ||    40

Table legend:
 A = Non-vault XP
 B = Vault XP
 C = Vault XP percentage of total XP
 D = Non-vault monster count
 E = Vault monster count
 F = Vault count percentage of total count
                 A         B        C        D         E       F
            +---------+---------+-------+---------+---------+-------
      Total |      89 |      36 |  28.8 |      37 |       1 |   2.6
            +---------+---------+-------+---------+---------+-------
        D:1 |      40 |       0 |   0.0 |      20 |       0 |   0.0
        D:2 |      41 |      36 |  46.8 |      12 |       1 |   7.7
        D:3 |       8 |       0 |   0.0 |       5 |       0 |   0.0
            +---------+---------+-------+---------+---------+-------
